 Dungeon Sprint DCSS version 0.24.0-28-g17ded55e90 (webtiles) character file.

Game seed: 10293254061002709583, levelgen mode: deterministic

5089 PentaManta the Imperceptible (level 10, 0/69 HPs)
             Began as a Spriggan Assassin on Nov 13, 2019.
             Was a High Priest of Okawaru.
             Splashed by a jelly's acid (4 damage)
             ... in the Dungeon (Sprint I: "Red Sonja").
             The game lasted 00:08:49 (1001 turns).

PentaManta the Imperceptible (Spriggan Assassin)    Turns: 1001, Time: 00:08:50

Health: 0/69       AC: -22   Str: 12    XL:     10   Next: 31%
Magic:  11/11      EV: 37    Int: 13    God:    Okawaru [*****.]
Gold:   717        SH:  0    Dex: 21    Spells: 9/9 levels left

rFire    . . .     SeeInvis +   a - +2 dagger
rCold    . . .     Gourm    .   (shield restricted)
rNeg     . . .     Faith    .   e - +0 troll leather armour
rPois    .         Spirit   .   (helmet restricted)
rElec    .         Reflect  .   c - +1 cloak
rCorr    .         Harm     .   (gloves unavailable)
MR       +....     NoTele   +   (boots unavailable)
Stlth    ..........             (no amulet)
HPRegen  0.61/turn              n - +2 ring of slaying (curse)
MPRegen  0.12/turn              (no ring)

@: berserking (expiring), corroded, very quick
A: very small, unfitting armour, see invisible, herbivore, speed 3, slow
metabolism 2
a: Heroism, Finesse, Renounce Religion


You were in the Dungeon.
You worshipped Okawaru.
Okawaru was extremely pleased with you.
You were not hungry.

You visited 1 branch You collected 969 gold pieces.
You spent 252 gold pieces at shops.

Inventory:

Hand Weapons
 a - a +2 dagger (weapon)
Missiles
 d - 7 poisoned darts (quivered)
 m - 2 curare-tipped darts
Armour
 b - a +0 robe
 c - a +1 cloak (worn)
 e - a +0 troll leather armour (worn)
Jewellery
 n - a cursed +2 ring of slaying (left hand)
Scrolls
 l - 2 scrolls of blinking
 o - 3 scrolls of remove curse {unknown}
Potions
 g - a potion of curing
 h - a potion of heal wounds
 i - a potion of haste
 j - 2 potions of magic
Comestibles
 f - 2 rations


   Skills:
 - Level 1.5 Fighting
 * Level 6.9 Short Blades
 + Level 4.6 Throwing
 + Level 21.6 Dodging
 + Level 22.7 Stealth


You had 9 spell levels left.
You didn't know any spells.
Your spell library was empty.

Dungeon Overview and Level Annotations

Branches:
Dungeon (1/1)

Altars:
Cheibriados
Dithmenos
Elyvilon
Fedhas
Gozag
Hepliaklqana
Kikubaaqudgha
Makhleb
Nemelex Xobeh
Okawaru
Qazlal
Ru
Sif Muna
Trog
Uskayaw
Vehumet
Wu Jian
Xom
Yredelemnul
Zin
The Shining One
Jiyva
Lugonu

Shops:
D ==[


Innate Abilities, Weirdness & Mutations

You are very small and have problems with some larger weapons.
You are too small for most types of armour.
You have supernaturally acute eyesight. (SInv)
You are a herbivore.
You cover ground extremely quickly.
You need to consume almost no food.


Message History

The jelly is almost dead.
The jelly completely misses you.
You hit the jelly but do no damage. The acid corrodes you!
Your hands burn!
* * * LOW HITPOINT WARNING * * *
The jelly is almost dead.
You hit the jelly.
You kill the jelly!
Okawaru accepts your kill.
You hit the jelly but do no damage. The acid corrodes you!
Your hands burn!
* * * LOW HITPOINT WARNING * * *
The jelly is lightly wounded.
You puncture the jelly!
Your hands burn!
* * * LOW HITPOINT WARNING * * *
The jelly is heavily wounded.
You hit the jelly but do no damage. The acid corrodes you!
Your hands burn!
* * * LOW HITPOINT WARNING * * *
The jelly is heavily wounded.
The jelly misses you.
You hit the jelly.
Your hands burn!
You die...

###################
#<.#..'..#.)'..#__#
#..[.)#..'..#..'..+
#..#####'#####'#__####
#..####..#...#.####(.####
#..#__####..##§#≈≈J.§#§.#
#..#_____##'#_..≈≈J§J§§.#
#⌠⌠#_.∩..@JJ(._#≈§§§§#§.#
####_..__##_.#+##)#####J##
#_____###+# #(§.[###J'.
############.####'###.###.
#∩......(('...+)....')∩##.
###++++####().###########§
###.###......§##§
#.#'#.#....J.§JJJ
#.....#+..######§


You could see 2 jellies.

Vanquished Creatures
  2 centaur warriors (D)
  Sonja (D)
  A deep troll (D)
  2 unseen horrors (D)
  An oklob plant (D)
  A hornet (D)
  A slime creature (D)
  Sigmund (D)
  2 redbacks (D)
  A yak (D)
  A floating eye (D)
  An ogre (D)
  3 jellies (D)
  Ijyb (D)
  A ballistomycete spore (D)
20 creatures vanquished.

Vanquished Creatures (others)
  2 hornets (D)
  A ballistomycete spore (D)
3 creatures vanquished.

Grand Total: 23 creatures vanquished

Notes
Turn   | Place    | Note
-------+----------+-------------------------------------------
     0 | D        | PentaManta the Spriggan Assassin began the quest for the
                  | Orb.
     0 | D        | Reached XP level 1. HP: 10/10 MP: 2/2
     2 | D        | Noticed Ijyb
    28 | D        | Killed Ijyb
    28 | D        | Reached skill level 9 in Stealth
    28 | D        | Reached XP level 2. HP: 13/14 MP: 3/3
    37 | D        | Noticed an ogre
    46 | D        | Killed an ogre
    46 | D        | Reached skill level 12 in Stealth
    46 | D        | Reached XP level 3. HP: 18/18 MP: 4/4
    46 | D        | Reached XP level 4. HP: 22/22 MP: 5/5
    65 | D        | Noticed Sigmund
    68 | D        | Killed Sigmund
    68 | D        | Reached skill level 10 in Dodging
    68 | D        | Reached skill level 15 in Stealth
    68 | D        | Reached XP level 5. HP: 25/25 MP: 6/6
    80 | D        | Found a shimmering blue altar of Sif Muna.
    81 | D        | Found an ornate altar of the Wu Jian Council.
    82 | D        | Found a radiant altar of Vehumet.
    86 | D        | Reached XP level 6. HP: 30/30 MP: 7/7
    95 | D        | Found a burning altar of Makhleb.
    95 | D        | Found a viscous altar of Jiyva.
    95 | D        | Found a shimmering altar of Xom.
    95 | D        | Found a corrupted altar of Lugonu.
    95 | D        | Noticed a slime creature
    98 | D        | Killed a slime creature
    98 | D        | Reached skill level 17 in Stealth
   124 | D        | Found Irumomun's Jewellery Emporium.
   124 | D        | Found an ancient bone altar of Kikubaaqudgha.
   124 | D        | Found a hazy altar of Hepliaklqana.
   124 | D        | Found a hide-covered altar of Uskayaw.
   124 | D        | Found a basalt altar of Yredelemnul.
   124 | D        | Found an opulent altar of Gozag.
   124 | D        | Found a snail-covered altar of Cheibriados.
   124 | D        | Found a sacrificial altar of Ru.
   124 | D        | Found a shadowy altar of Dithmenos.
   124 | D        | Noticed a yak
   125 | D        | Found a stormy altar of Qazlal.
   125 | D        | Found a blossoming altar of Fedhas.
   125 | D        | Found a bloodstained altar of Trog.
   125 | D        | Found an iron altar of Okawaru.
   125 | D        | Found a glowing golden altar of the Shining One.
   125 | D        | Found a glowing silver altar of Zin.
   125 | D        | Found a white marble altar of Elyvilon.
   126 | D        | Killed a yak
   126 | D        | Reached skill level 18 in Stealth
   126 | D        | Reached XP level 7. HP: 33/33 MP: 8/8
   127 | D        | Found a sparkling altar of Nemelex Xobeh.
   139 | D        | Became a worshipper of Warmaster Okawaru
   148 | D        | Noticed Sonja
   152 | D        | Killed Sonja
   152 | D        | Reached * piety under Okawaru
   152 | D        | Reached skill level 20 in Stealth
   152 | D        | Reached XP level 8. HP: 37/37 MP: 9/9
   171 | D        | Found Miluj's Jewellery Boutique.
   179 | D        | Bought a cursed +2 ring of slaying for 252 gold pieces
   345 | D        | Noticed a deep troll
   368 | D        | Killed a deep troll
   368 | D        | Reached skill level 15 in Dodging
   368 | D        | Reached skill level 22 in Stealth
   409 | D        | Noticed a centaur warrior
   409 | D        | Noticed a centaur warrior
   421 | D        | Found Doshrue's Armour Emporium.
   472 | D        | Killed a centaur warrior
   472 | D        | Reached ** piety under Okawaru
   472 | D        | Reached XP level 9. HP: 14/41 MP: 10/10
   537 | D        | Noticed an oklob plant
   569 | D        | Killed a centaur warrior
   569 | D        | Reached *** piety under Okawaru
   579 | D        | Reached **** piety under Okawaru
   665 | D        | Killed an oklob plant
   676 | D        | Reached XP level 10. HP: 46/46 MP: 11/11
   781 | D        | Noticed an unseen horror
   782 | D        | Noticed an unseen horror
   788 | D        | Killed an unseen horror
   788 | D        | Reached skill level 5 in Short Blades
   852 | D        | Killed an unseen horror
   852 | D        | Reached ***** piety under Okawaru
  1001 | D        | Splashed by a jelly's acid

Levels and vault maps discovered:
D:        dungeon_sprint_1 [red_sonja_temple_1, red_sonja_temple_small_1]

Skill      XL: |  1  2  3  4  5  6  7  8  9 10 |
---------------+-------------------------------+-----
Dodging        | 4 7 10 12 14 18 21 | 21.6
Stealth        | 9 12 15 18 20 22 | 22.7
Short Blades   | 4 6 |  6.9
Throwing       | 4 |  4.6
Fighting       | |  1.5

Action                   |  1- 3 |  4- 6 |  7- 9 | 10-12 || total
-------------------------+-------+-------+-------+-------++-------
Melee: Dagger            |     8 |     4 |    47 |    62 ||   121
Throw: Dart              |     7 |       |    21 |    10 ||    38
Invok: Heroism           |       |       |       |     1 ||     1
  Use: Potion            |       |       |     3 |     2 ||     5
       Scroll            |       |       |     1 |       ||     1
 Stab: Sleeping          |       |     4 |     5 |     3 ||    12
Armor: Robe              |     1 |       |       |       ||     1
       Troll leather arm |       |       |     2 |     3 ||     5
Dodge: Dodged            |     5 |       |    58 |    77 ||   140
